 Dungeon Crawl Stone Soup version 0.21.1-1-g345015f (webtiles) character file.

434 Zetuh the Skirmisher (level 6, -11/58 HPs)
             Began as a Minotaur Fighter on Jan 31, 2018.
             Mangled by a two-headed ogre
             ... wielding a +0 giant club
              (13 damage)
             ... on level 5 of the Dungeon on Feb 9, 2018.
             The game lasted 00:04:35 (3305 turns).

Zetuh the Skirmisher (Minotaur Fighter)             Turns: 3305, Time: 00:04:35

Health: -11/58     AC: 11    Str: 22    XL:     6   Next: 67%
Magic:  5/5        EV:  7    Int:  5    God:
Gold:   186        SH:  9    Dex: 10    Spells: 5/5 levels left

rFire    . . .     SeeInvis .   a - +0 long sword
rCold    . . .     Gourm    .   c - +0 shield
rNeg     . . .     Faith    .   b - +0 scale mail
rPois    .         Spirit   .   (helmet restricted)
rElec    .         Reflect  .   z - +2 cloak
rCorr    .         Harm     .   s - +0 pair of gloves
MR       .....                  (no boots)
Stlth    ..........             (no amulet)
HPRegen  0.19/turn              (no ring)
MPRegen  0.09/turn              (no ring)

@: no status effects
A: retaliatory headbutt, horns 2
a: no special abilities


You were on level 5 of the Dungeon.
You were not hungry.

You visited 1 branch of the dungeon, and saw 5 of its levels.

You collected 186 gold pieces.

Inventory:

Hand Weapons
 a - a +0 long sword (weapon)
Armour
 b - a +0 scale mail (worn)
 c - a +0 shield (worn)
 s - a +0 pair of gloves (worn)
 z - a +2 cloak (worn)
Jewellery
 v - an uncursed amulet of the gourmand {unknown}
Wands
 m - a wand of enslavement (8)
 u - a wand of scattershot (5)
Scrolls
 h - a scroll of random uselessness {unknown}
 i - 4 scrolls of fear {unknown}
 k - 3 scrolls of identify
 l - 4 scrolls of remove curse
 p - a scroll of magic mapping {unknown}
 q - a scroll of enchant weapon {unknown}
 r - a scroll of enchant armour {unknown}
 x - a scroll of noise {unknown}
 y - a scroll of teleportation {unknown}
Potions
 d - a potion of might
 e - a potion of agility {unknown}
 g - 3 potions of curing {unknown}
 j - a potion of magic {unknown}
 n - a potion of cancellation {unknown}
 o - 2 potions of ambrosia {unknown}
 t - a potion of lignification {unknown}
Books
 w - a book of Maledictions

   Spells                             Type                      Level
   a - Corona                         Hexes                        1
   b - Ensorcelled Hibernation        Hexes/Ice                    2
   c - Confuse                        Hexes                        3
   d - Tukima's Dance                 Hexes                        3
   e - Dazzling Spray                 Conjuration/Hexes            3
Comestibles
 f - 8 rations


   Skills:
 + Level 6.9 Fighting
 + Level 6.3 Long Blades
 - Level 3.6 Armour
 - Level 3.6 Shields


You had 5 spell levels left.
You didn't know any spells.

Dungeon Overview and Level Annotations

Branches:
Dungeon (5/15)
 Temple: D:4-7

Altars:
Ashenzari


Innate Abilities, Weirdness & Mutations

You reflexively headbutt those who attack you in melee.
You have a pair of horns on your head.


Message History

You are too injured to fight recklessly!
You are too injured to fight recklessly!
You are too injured to fight recklessly!
You are too injured to fight recklessly!
You are too injured to fight recklessly!
You are too injured to fight recklessly!
You are too injured to fight recklessly!
You are too injured to fight recklessly!
Number of times to repeat, then command key:
Okay, then.
You barely miss the two-headed ogre.
The two-headed ogre is moderately wounded.
The two-headed ogre hits you with a giant club!
* * * LOW HITPOINT WARNING * * *
You block the two-headed ogre's attack.
You slash the two-headed ogre!
The two-headed ogre is heavily wounded.
You block the two-headed ogre's attack.
The two-headed ogre hits you with a giant club!
You die...

...## #...#... ......#
##..##... .......##
##...###.. ........##
####...##...#
.........###......#...##
.....................##
..........###........##
.........####.........##
.......@## #....>.<....#
....<..O# #...........#
........# ............#
.......## #............#
....... #.............
....... ............#
......# .............
.....# ..........###


You could see a two-headed ogre.

Vanquished Creatures
  A jelly (D:3)
  An orc priest (D:3)
  Crazy Yiuf (D:4)
  A centaur skeleton (D:4)
  3 orc wizards (D:4)
  A hound skeleton (D:4)
  8 gnolls (D:4)
  6 adders
  An ooze (D:4)
  2 dart slugs
  2 leopard geckos
  9 orcs
  6 bats
  3 giant cockroaches
  6 goblins
  9 hobgoblins
  4 jackals
  7 kobolds
  3 quokkas
  3 ball pythons
  4 frilled lizards
  5 rats
  A fungus (D:4)
87 creatures vanquished.

Notes
Turn   | Place    | Note
-------+----------+-------------------------------------------
     0 | D:1      | Zetuh the Minotaur Fighter began the quest for the Orb.
     0 | D:1      | Reached XP level 1. HP: 19/19 MP: 0/0
    61 | D:1      | Upgraded the game from 0.21.0-37-g46506fa to 0.21.1-1-g345015f
    70 | D:1      | Reached XP level 2. HP: 21/27 MP: 1/1
   254 | D:1      | Reached XP level 3. HP: 34/34 MP: 2/2
   537 | D:2      | Found a faded altar of an unknown god.
  1289 | D:3      | Reached XP level 4. HP: 39/41 MP: 3/3
  1402 | D:3      | Reached skill level 5 in Fighting
  1723 | D:3      | Found a shattered altar of Ashenzari.
  1924 | D:3      | Reached XP level 5. HP: 38/48 MP: 4/4
  2243 | D:3      | Reached skill level 5 in Long Blades
  2445 | D:4      | Reached XP level 6. HP: 29/57 MP: 5/5
  3187 | D:4      | Found a runed door.
  3191 | D:4      | Noticed Crazy Yiuf
  3196 | D:4      | Killed Crazy Yiuf
  3269 | D:5      | Entered Level 5 of the Dungeon
  3297 | D:5      | Noticed a two-headed ogre
  3304 | D:5      | HP: 1/58 [two-headed ogre/giant club (15)]
  3305 | D:5      | Mangled by a two-headed ogre

Skill      XL: |  1  2  3  4  5  6 |
---------------+-------------------+-----
Fighting       | 4 5 6 |  6.9
Long Blades    | 3 4 5 6 |  6.3
Armour         | |  3.6
Shields        | |  3.6

Action                   |  1- 3 |  4- 6 || total
-------------------------+-------+-------++-------
Melee: Long sword        |   107 |   156 ||   263
       Headbutt          |     9 |    32 ||    41
  Use: Scroll            |     3 |     1 ||     4
  Eat: Ration            |     1 |     2 ||     3
Armor: Scale mail        |    37 |    51 ||    88
Dodge: Dodged            |    31 |    41 ||    72
Block: Shield            |    72 |    71 ||   143
       Rpst.: Long sword |     8 |    10 ||    18
